AoeStats
← de one who is win this play

Arena

508946876Analyzed
4v4 RM · 8d ago on Sep 24, 2026· 53m 32s· 8 players
Game mode
Random Map
Map size
Large (8 player)
Population
200
Speed
Normal
Resources
Standard
Victory
Conquest
Starting age
Dark Age
Ending age
Imperial Age
RankedLock teamsTeams togetherTeam positionsShared explorationLock speedFull tech treeHidden civsTurbo modeCheats
Victory
Defeat
🇦🇷 Vietnamese · Argentina
1212
+15
🇬🇧 Saxons · United Kingdom
1194
+16
🇹🇷 Armenians · Türkiye
1169
+17
🇹🇷 Teutons · Türkiye
1161
+16
🇨🇳 Turks · China
1217
-17
🇺🇸 Ethiopians · United States
1206
-17
🇲🇽 Teutons · Mexico
1194
-16
1142
-14
kagan_ant
10:39 Feudal Age
12:18 Loom
15:04 Castle Age
13:54 Stone Mining
13:52 Double-Bit Axe
25:36 Fletching
28:20 Bow Saw
31:48 Imperial Age
30:41 Masonry
35:21 Town Watch
36:56 Two-Man Saw
37:46 Wheelbarrow
37:09 Cavalier
38:02 Bloodlines
38:45 Siege Engineers
41:59 Hand Cart
44:04 Scale Barding Armor
44:53 Forging
44:12 Capped Ram
45:58 Gold Mining
48:08 Conscription
49:36 Chain Barding Armor
53:26 Chemistry
53:26 Horse Collar
53:22 Paladin
53:27 Pikeman
54:09 Scale Mail Armor
McLagan
10:22 Feudal Age
14:01 Castle Age
12:11 Double-Bit Axe
12:15 Horse Collar
15:05 Bow Saw
15:22 Heavy Plow
21:23 Wheelbarrow
26:54 Imperial Age
24:54 Forging
24:44 Scale Mail Armor
24:34 Gambesons
25:35 Squires
25:21 Arson
26:13 Iron Casting
26:32 Chain Mail Armor
26:21 Loom
26:55 Hand Cart
27:10 Capped Ram
29:29 Two-Man Saw
28:54 Town Watch
29:45 Plate Mail Armor
29:48 Gold Mining
29:49 Stone Mining
29:32 Pikeman
30:43 Siege Ram
33:07 Conscription
32:22 Shield Wall
34:16 Hoardings
34:51 Masonry
34:46 Siege Engineers
35:42 Elite Hearth Troop
36:11 Halberdier
36:18 Elite Varangian Guard
37:54 Fletching
38:26 Ballistics
39:07 Chemistry
38:38 Architecture
37:48 Treadmill Crane
40:05 Gold Shaft Mining
42:44 Crop Rotation
42:15 Bodkin Arrow
43:14 Onager
46:36 Heavy Scorpion
48:30 Bracer
47:52 Man-at-Arms
48:25 Long Swordsman
49:58 Two-Handed Swordsman
51:29 Champion
XOLTAR
11:16 Feudal Age
12:12 Loom
15:12 Castle Age
14:39 Man-at-Arms
15:08 Double-Bit Axe
15:06 Horse Collar
16:35 Gambesons
24:31 Wheelbarrow
25:31 Gold Mining
25:54 Bow Saw
27:03 Long Swordsman
30:40 Imperial Age
28:47 Heavy Plow
28:09 Two-Handed Swordsman
30:31 Hand Cart
30:39 Champion
31:58 Stone Mining
32:34 Fortified Wall
33:07 Scale Mail Armor
33:21 Forging
33:23 Squires
33:43 Fletching
33:45 Elite Skirmisher
34:54 Chain Mail Armor
35:15 Iron Casting
35:49 Imperial Skirmisher
36:29 Bodkin Arrow
36:50 Bloodlines
36:02 Cavalier
38:46 Blast Furnace
38:16 Plate Mail Armor
41:37 Arson
53:48 Scale Barding Armor
okHadi
11:28 Feudal Age
12:32 Loom
16:27 Castle Age
15:49 Double-Bit Axe
15:50 Horse Collar
16:05 Fletching
18:06 Town Watch
20:49 Man-at-Arms
22:23 Long Swordsman
28:57 Bodkin Arrow
30:31 Wheelbarrow
30:00 Padded Archer Armor
32:00 Thumb Ring
33:39 Ballistics
33:31 Masonry
39:05 Imperial Age
39:38 Elite Rattan Archer
41:19 Bracer
41:35 Leather Archer Armor
43:22 Chemistry
44:23 Ring Archer Armor
44:55 Hand Cart
48:36 Onager
Zizzle4879
11:13 Feudal Age
11:17 Loom
16:11 Castle Age
14:17 Double-Bit Axe
14:32 Horse Collar
15:51 Stone Mining
17:59 Forging
17:50 Scale Mail Armor
17:52 Squires
17:39 Arson
23:52 Elite Skirmisher
27:43 Bow Saw
28:29 Town Watch
30:16 Fletching
32:11 Ballistics
32:22 Murder Holes
36:29 Iron Casting
39:47 Bodkin Arrow
39:52 Padded Archer Armor
40:36 Thumb Ring
45:24 Crossbowman
52:11 Imperial Age
Thorin Escudo de Roble
8:06 Loom
10:30 Feudal Age
15:13 Castle Age
20:34 Double-Bit Axe
20:31 Horse Collar
27:49 Imperial Age
27:29 Forging
27:20 Scale Mail Armor
28:05 Wheelbarrow
28:16 Fortified Wall
28:19 Masonry
29:04 Hand Cart
30:19 Iron Casting
29:59 Chain Mail Armor
30:20 Bow Saw
30:02 Gold Mining
33:02 Bloodlines
32:46 Heavy Scorpion
33:56 Ironclad
34:19 Plate Mail Armor
34:49 Blast Furnace
33:37 Cavalier
35:08 Scale Barding Armor
35:21 Paladin
38:21 Chain Barding Armor
39:09 Elite Teutonic Knight
43:59 Chemistry
43:06 Siege Engineers
48:02 Fletching
de one who is win this play
11:16 Feudal Age
16:12 Castle Age
14:21 Double-Bit Axe
15:53 Fletching
16:40 Padded Archer Armor
17:26 Crossbowman
22:58 Loom
25:32 Wheelbarrow
25:30 Horse Collar
27:30 Town Watch
30:37 Imperial Age
28:19 Bodkin Arrow
29:56 Heavy Plow
30:09 Bow Saw
30:12 Gold Mining
31:19 Bracer
32:32 Chemistry
32:01 Hand Cart
33:47 Conscription
36:31 Leather Archer Armor
35:42 Elite Longbowman
36:47 Yeomen
37:40 Ballistics
37:02 Elite Longbowman
38:04 Squires
37:25 Pikeman
37:52 Arson
38:11 Scale Mail Armor
38:22 Forging
47:16 Chain Mail Armor
47:32 Ring Archer Armor
47:38 Iron Casting
48:20 Halberdier
w2k8m1w2762
1:03 Loom
11:04 Feudal Age
16:44 Castle Age
15:08 Double-Bit Axe
15:20 Horse Collar
15:54 Gold Mining
16:10 Stone Mining
18:54 Wheelbarrow
18:55 Bow Saw
22:51 Heavy Plow
29:21 Imperial Age
27:38 Hand Cart
27:09 Town Watch
27:49 Ballistics
27:10 Treadmill Crane
29:21 Gold Shaft Mining
28:38 Fletching
29:11 Masonry
28:57 Murder Holes
30:10 Forging
29:55 Bodkin Arrow
30:07 Scale Barding Armor
30:34 Conscription
32:17 Iron Casting
31:42 Padded Archer Armor
33:46 Two-Man Saw
33:11 Chain Barding Armor
32:52 Bracer
33:26 Architecture
33:07 Fortified Wall
34:20 Bloodlines
34:11 Husbandry
35:20 Blast Furnace
34:37 Leather Archer Armor
35:03 Elite Janissary
50:19 Plate Barding Armor
50:15 Ring Archer Armor
50:10 Bombard Tower
Connection lost

Rejoining the realm…

Still unreachable

The connection could not be restored.

Session expired

The server has moved on; the page needs a fresh start.